 Dungeon Crawl Stone Soup version 0.25-a0-663-gace7076f2c (webtiles) character file.

Game seed: 3415818421811160687, levelgen mode: deterministic

8073 KiliKikkendorf the Cleaver (level 11, -2/92 HPs)
             Began as a Hill Orc Fighter on Mar 24, 2020.
             Was a Believer of the Shining One.
             Engulfed by a steam dragon's steam (7 damage)
             ... on level 8 of the Dungeon on Mar 25, 2020.
             The game lasted 00:58:46 (8393 turns).

KiliKikkendorf the Cleaver (Hill Orc Fighter)       Turns: 8393, Time: 00:58:47

Health: -2/92      AC: 23    Str: 21    XL:     11   Next: 25%
Magic:  16/16      EV:  8    Int: 10    God:    the Shining One [**....]
Gold:   129        SH: 13    Dex: 10    Spells: 13/17 levels left

rFire    . . .     SeeInvis .   x - +1 flail (protect)
rCold    . . .     Gourm    .   c - +0 kite shield
rNeg     + . .     Faith    .   w - +2 plate armour
rPois    .         Spirit   .   (no helmet)
rElec    .         Reflect  +   y - scarf {repulsion}
rCorr    .         Harm     .   (no gloves)
MR       .....                  o - +0 pair of boots
Stlth    ..........             D - +3 amulet of reflection
HPRegen  0.25/turn              n - +2 ring of evasion
MPRegen  0.15/turn              (no ring)

@: about to teleport, protection aura, glowing, repel missiles
A: no striking features
a: Divine Shield, Renounce Religion


You were on level 8 of the Dungeon.
You worshipped the Shining One.
The Shining One was pleased with you.
You were not hungry.

You visited 1 branch of the dungeon, and saw 8 of its levels.
You also visited: Ossuary.

You collected 333 gold pieces.
You spent 204 gold pieces at shops.

Inventory:

Hand Weapons
 a - a +1 war axe
 j - a +1 dagger of holy wrath
 x - a +1 flail of protection (weapon)
 C - a +1 spear of freezing
 G - a +0 hand axe of electrocution
 I - a +0 morningstar
Missiles
 r - an atropa-tipped dart (quivered)
Armour
 c - a +0 kite shield (worn)
 o - a +0 pair of boots (worn)
 w - a +2 plate armour (worn)
 y - a scarf of repulsion (worn)
 H - a +0 buckler
 J - a +3 leather armour
Magical Staves
 k - an uncursed staff of poison
Jewellery
 i - a cursed ring of teleportation
 n - a +2 ring of evasion (left hand)
 D - a +3 amulet of reflection (around neck)
 E - an uncursed amulet of the acrobat
Wands
 d - a wand of flame (33)
 p - a wand of iceblast (12)
 q - a wand of scattershot (7)
 u - a wand of acid (6)
 F - a wand of paralysis (4)
 K - a wand of random effects (9)
Scrolls
 b - 2 scrolls of remove curse
 e - 3 scrolls of fear
 g - 10 scrolls of identify
 h - 5 scrolls of teleportation
 s - 2 scrolls of magic mapping
 t - 2 scrolls of immolation
Potions
 l - 5 potions of curing
 m - a potion of brilliance
 v - 2 potions of haste
 z - a potion of stabbing
 A - a potion of lignification
 B - a potion of might
Comestibles
 f - 8 rations


   Skills:
 + Level 7.6 Fighting
 + Level 4.1 Short Blades
 - Level 11.7(12.9) Axes
 * Level 8.0(10.2) Maces & Flails
 + Level 3.4 Throwing
 + Level 6.9 Armour
 + Level 3.7 Dodging
 + Level 3.4 Stealth
 + Level 6.9 Shields
 + Level 4.0 Unarmed Combat
 * Level 3.8 Spellcasting
 * Level 0.1 Charms
 - Level 0.2 Translocations
   Level 4.7 Fire Magic
 + Level 3.6 Evocations


You had 13 spell levels left.
You knew the following spells:

 Your Spells              Type           Power        Failure   Level  Hunger
a - Blink                 Tloc           N/A          100%        2    ###....
b - Shroud of Golubria    Chrm/Tloc      #.....       100%        2    ###....

Your spell library contained the following spells:

 Spells                   Type           Power        Failure   Level  Hunger
 Gell's Gravitas          Tloc           #.........   100%        3    ###....
 Lesser Beckoning         Tloc           #.........   100%        3    ###....
 Teleport Other           Tloc           #.......     100%        3    ###....
 Passage of Golubria      Tloc           N/A          100%        4    #####..


Dungeon Overview and Level Annotations

Branches:
Dungeon (8/15)             Temple (0/1) D:7         Ossuary (visited)
   Lair: D:8-11

Altars:
Ashenzari
Kikubaaqudgha
Makhleb
Okawaru
The Shining One

Shops:
D:4 *}([   D:6 (   D:7 !   D:8 =

Annotations:
D:8 2 transporters, CryoSword's ghost, novice OgCK


Message History

You hit the steam dragon but do no damage.
The steam dragon is lightly wounded.
You are engulfed in a cloud of scalding steam.
* * * LOW HITPOINT WARNING * * *
The steam dragon bites you but does no damage.
The steam dragon barely misses you.
As you read the scroll of teleportation, it crumbles to dust.
You feel strangely unstable.
You are engulfed in a cloud of scalding steam.
The steam dragon bites you but does no damage.
You block the steam dragon's attack.
Your plate armour prevents you from hitting the steam dragon.
The steam dragon is lightly wounded.
The steam dragon breathes steam at you. The ball of steam hits you!
* * * LOW HITPOINT WARNING * * *
Your shield and plate armour prevent you from hitting the steam dragon.
The steam dragon is lightly wounded.
You are engulfed in a cloud of scalding steam.
You die...

...≈≈≈≈..$......#
..#.#.#
.≈≈≈≈≈≈≈≈†...)?.
###.#.#
≈≈≈≈≈≈≈≈≈$...#
#.#.#
≈≈≈..≈≈......#
#.#.#
.(...........#
#.#.#
≈.....§..§...#
#.#.#
##....######.#
#.#.# ...... #D#
#.#.. ##.... #@#
#.#.. #### #§#
#.#.. #§# #.###
#.# #.# #.# #.#
#.# #.# #.# #.#
#.############.#
#.!............#


You could see a steam dragon.

Vanquished Creatures
  A troll (D:8)
  Sigmund (D:2)
  Grum (D:8)
  2 water moccasins (D:4)
  An orc warrior (D:7)
  2 sky beasts
  A black bear (D:6)
  2 ice beasts
  4 ogres
  A phantom (D:8)
  6 centaurs
  7 wolves
  5 bullfrogs
  2 big kobolds
  3 elf zombies (Ossuary)
  A gnoll sergeant (D:6)
  A water moccasin skeleton (D:8)
  2 scorpions
  3 killer bees (D:7)
  7 howler monkeys
  5 crimson imps
  A jelly (D:8)
  A quasit (D:6)
  6 centaur zombies (Ossuary)
  2 bullfrog skeletons
  8 hounds
  An orc priest (D:6)
  3 human zombies (Ossuary)
  3 orc wizards
  A centaur skeleton (D:5)
  3 iguanas
  6 worker ants
  Ijyb (D:3)
  A hound skeleton (D:4)
  3 mummies (Ossuary)
  3 gnolls (D:6)
  10 adders
  3 shadow imps
  An ooze (D:1)
  An adder skeleton (D:8)
  3 worms
  3 dart slugs
  9 leopard geckos
  16 orcs
  3 ball pythons
  4 giant cockroaches
  8 goblins
  9 hobgoblins
  9 jackals
  5 quokkas
  9 bats
  A jackal skeleton (D:5)
  20 kobolds
  A quokka zombie (D:6)
  5 rats (D:2)
221 creatures vanquished.

Vanquished Creatures (others)
  A quokka (D:8)
  A kobold (D:3)
  5 fungi (D:8)
7 creatures vanquished.

Grand Total: 228 creatures vanquished

Notes
Turn   | Place    | Note
-------+----------+-------------------------------------------
     0 | D:1      | KiliKikkendorf the Hill Orc Fighter began the quest for the
                  | Orb.
     0 | D:1      | Reached XP level 1. HP: 19/19 MP: 1/1
    98 | D:1      | Reached skill level 3 in Axes
    98 | D:1      | Reached XP level 2. HP: 27/27 MP: 2/2
   197 | D:1      | Reached XP level 3. HP: 30/33 MP: 3/3
  1159 | D:2      | Reached skill level 4 in Axes
  1159 | D:2      | Reached XP level 4. HP: 31/40 MP: 4/4
  1256 | D:2      | Found an ancient bone altar of Kikubaaqudgha.
  1548 | D:3      | Noticed Sigmund
  1851 | D:2      | Killed Sigmund
  1851 | D:2      | Reached skill level 6 in Axes
  1851 | D:2      | Reached skill level 1 in Dodging
  1851 | D:2      | Reached XP level 5. HP: 15/47 MP: 5/5
  1851 | D:2      | Reached XP level 6. HP: 17/53 MP: 6/6
  2098 | D:3      | Noticed Ijyb
  2110 | D:3      | Killed Ijyb
  2665 | D:3      | You fall into a shaft and drop 1 floor!
  2665 | D:4      | Found a sand-covered staircase.
  2668 | Ossuary  | Entered an ossuary
  2680 | Ossuary  | Reached skill level 7 in Axes
  2690 | Ossuary  | Reached XP level 7. HP: 58/60 MP: 7/7
  2740 | Ossuary  | Reached skill level 8 in Axes
  2934 | Ossuary  | Reached skill level 9 in Axes
  2975 | Ossuary  | Reached XP level 8. HP: 44/67 MP: 8/8
  3148 | D:4      | Reached skill level 5 in Fighting
  3201 | D:4      | Reached skill level 10 in Axes
  3201 | D:4      | Reached skill level 5 in Armour
  3201 | D:4      | Reached skill level 5 in Shields
  3201 | D:4      | Reached XP level 9. HP: 75/75 MP: 8/13
  3202 | D:4      | Reached skill level 11 in Axes
  3202 | D:4      | Reached XP level 10. HP: 84/84 MP: 8/15
  3224 | D:4      | Found Hutzof's Serpentskin Sales.
  3282 | D:4      | Found Gifoiroeni's Antique Weapon Shoppe.
  3289 | D:4      | Found Runne's Gadget Shop.
  3661 | D:4      | Found Yhodir's Antique Armour Shoppe.
  3978 | D:5      | Entered Level 5 of the Dungeon
  4696 | D:5      | Found a glowing golden altar of the Shining One.
  4775 | D:5      | Became a worshipper of the Shining One
  4796 | D:6      | Found Vigoch's Weapon Shop.
  4883 | D:6      | Reached skill level 5 in Maces & Flails
  5189 | D:6      | Reached * piety under the Shining One
  5545 | D:7      | Found a staircase to the Ecumenical Temple.
  5967 | D:7      | Found Viumiwoo's Distillery.
  6165 | D:7      | Found an iron altar of Okawaru.
  6282 | D:7      | Found a burning altar of Makhleb.
  6305 | D:7      | Identified a scroll of acquirement
  6326 | D:7      | Learned a level 2 spell: Blink
  6589 | D:7      | Learned a level 2 spell: Shroud of Golubria
  6678 | D:7      | Found a glowing golden altar of the Shining One.
  6678 | D:7      | Reached ** piety under the Shining One
  6960 | D:8      | Found a shattered altar of Ashenzari.
  6971 | D:8      | Reached XP level 11. HP: 88/92 MP: 16/16
  7539 | D:8      | Noticed Grum
  7794 | D:8      | Killed Grum
  8053 | D:8      | Found a transporter.
  8055 | D:8      | Noticed CryoSword's ghost (novice OgCK)
  8057 | D:8      | Found a transporter.
  8057 | D:8      | Identified the +6 dire flail "Mahej" {venom, Int+4}
  8057 | D:8      | Noticed a two-headed ogre
  8256 | D:8      | Found Ekemon's Jewellery Shoppe.
  8267 | D:8      | Bought a +3 amulet of reflection for 204 gold pieces
  8393 | D:8      | Engulfed by a steam dragon's steam

Levels and vault maps discovered:
D:1:      lemuel_arrival_broad_hall, layout_basic
D:2:      layout_basic, lemuel_doored_altar
D:3:      layout_loops_ring, nicolae_ru_sacrificial_ziggurat, first_ration,
          minmay_puff, uniq_sigmund, uniq_robin, uniq_ijyb
D:4:      cheibrodos_thug_alley, layout_loops_ring, serial_shops,
          kennysheep_mini_moat, shop, shop, nicolae_ossuary_entry_ruins,
          guppyfry_shop_venom
D:5:      layout_layer_cave, lemuel_crystal_altar
D:6:      layout_basic, serial_shops, shop
D:7:      layout_basic, overflow_temple_1_default,
          nicolae_overflow_crystal_walls, marbit_many_paths, temple_statues,
          serial_shops, shop, lemuel_centaur_altar
D:8:      kennysheep_steamy, layout_basic, lemuel_round_altar, erik_lair_island,
          serial_shops, shop, gammafunk_ghost_smash, uniq_grum

Skill      XL: |  1  2  3  4  5  6  7  8  9 10 11 |
---------------+----------------------------------+-----
Axes           | 3 4 6 7 9 10 11 | 11.7
Fighting       | 4 6 7 |  7.6
Dodging        | 1 3 |  3.7
Shields        | 4 5 6 |  6.9
Armour         | 4 5 6 |  6.9
Short Blades   | 2 3 4 |  4.1
Maces & Flails | 3 4 7 8 |  8.0
Throwing       | 2 3 |  3.4
Stealth        | 2 3 |  3.4
Unarmed Combat | 3 4 |  4.0
Spellcasting   | 3 |  3.8
Fire Magic     | 4 |  4.7
Evocations     | 2 3 |  3.6
Charms         | |  0.1
Translocations | |  0.2

Action                   |  1- 3 |  4- 6 |  7- 9 | 10-12 || total
-------------------------+-------+-------+-------+-------++-------
Melee: War axe           |   151 |   109 |   104 |    80 ||   444
       Dagger            |       |       |    49 |    33 ||    82
       Flail             |       |       |       |   530 ||   530
       Spear             |       |       |       |     7 ||     7
Throw: Dart              |       |     3 |       |     7 ||    10
 Cast: Blink             |       |       |       |     1 ||     1
  Use: Scroll            |     3 |       |     5 |     3 ||    11
       Potion            |     1 |     1 |     6 |     6 ||    14
  Eat: Chunk             |     1 |     1 |       |    10 ||    12
       Ration            |       |     1 |     1 |     2 ||     4
Armor: Scale mail        |    66 |       |       |       ||    66
       Leather armour    |    13 |    12 |       |    31 ||    56
       Plate armour      |       |    15 |    50 |   273 ||   338
Dodge: Dodged            |    65 |    43 |    15 |   281 ||   404
       Deflected         |       |       |       |    13 ||    13
Block: Kite shield       |    98 |    46 |    54 |   245 ||   443
       Buckler           |       |       |       |    54 ||    54

Table legend:
 A = Non-vault XP
 B = Vault XP
 C = Vault XP percentage of total XP
 D = Non-vault monster count
 E = Vault monster count
 F = Vault count percentage of total count
                 A         B        C        D         E       F
            +---------+---------+-------+---------+---------+-------
      Total |    4494 |    3345 |  42.7 |     172 |      49 |  22.2
            +---------+---------+-------+---------+---------+-------
        D:1 |      46 |       0 |   0.0 |      21 |       0 |   0.0
        D:2 |      55 |     227 |  80.5 |      31 |       1 |   3.1
        D:3 |      97 |      78 |  44.6 |      11 |       5 |  31.2
        D:4 |     358 |     401 |  52.8 |      13 |      11 |  45.8
        D:5 |     237 |       0 |   0.0 |       8 |       0 |   0.0
        D:6 |    1353 |       0 |   0.0 |      37 |       0 |   0.0
        D:7 |    1490 |     916 |  38.1 |      35 |       8 |  18.6
        D:8 |     858 |    1004 |  53.9 |      16 |       9 |  36.0
    Ossuary |       0 |     719 | 100.0 |       0 |      15 | 100.0
            +---------+---------+-------+---------+---------+-------
